 Dungeon Crawl Stone Soup version 0.26-a0-259-g1effd001a9 (webtiles) character file.

Game seed: 8967345564557186882

1027 gruber the Geomancer (level 8, -3/46 HPs)
             Began as an Octopode Earth Elementalist on July 27, 2020.
             Slain by a wight
             ... wielding a +7 halberd
              (7 damage)
             ... on level 6 of the Dungeon.
             The game lasted 00:08:25 (6954 turns).

gruber the Geomancer (Octopode Earth Elementalist)  Turns: 6954, Time: 00:08:26

Health: -3/46      AC:  1    Str:  8    XL:     8   Next: 23%
Magic:  2/13       EV: 13    Int: 19    God:
Gold:   227        SH:  0    Dex: 12    Spells: 6/14 levels left

rFire    . . .     SeeInvis .   B - +5 short sword (freeze)
rCold    + . .     Faith    .   (no shield)
rNeg     . . .     Spirit   .   (helmet restricted)
rPois    .         Reflect  .   (no amulet)
rElec    .         Harm     .   o - ring of protection from cold
rCorr    .                      (no ring)
MR       .....                  (no ring)
Stlth    +++.......             (no ring)
HPRegen  0.15/turn              (no ring)
MPRegen  0.13/turn              (no ring)
                                (no ring)
                                (no ring)

@: lightly drained
A: almost no armour, stealthy swim, amphibious, 8 rings, constrict 8, camouflage
1, gelatinous body 1
a: no special abilities


You were on level 6 of the Dungeon.
You were not hungry.

You visited 1 branch of the dungeon, and saw 6 of its levels.
You also visited: Sewer.

You collected 227 gold pieces.

Inventory:

Hand Weapons
 g - a +2 whip of draining
 m - a +2 dagger of venom
 B - a +5 short sword of freezing (weapon)
Missiles
 b - 165 stones (quivered)
 l - 16 boomerangs
 y - a throwing net
Jewellery
 o - a ring of protection from cold (left tentacle)
Wands
 i - a wand of disintegration (12)
Scrolls
 a - a scroll of amnesia {unknown}
 e - 2 scrolls of remove curse
 f - 6 scrolls of identify
 n - 2 scrolls of noise {unknown}
 q - 4 scrolls of teleportation {unknown}
 s - 2 scrolls of fog {unknown}
 t - a scroll of magic mapping {unknown}
 u - a scroll of enchant weapon {unknown}
 v - a scroll of fear {unknown}
 x - a scroll of blinking {unknown}
Potions
 d - 2 potions of mutation
 h - a potion of invisibility
 j - a potion of resistance
 k - 4 potions of curing
 p - 2 potions of heal wounds
 r - a potion of stabbing
 w - a potion of lignification {unknown}
 z - a potion of brilliance {unknown}
 A - a potion of ambrosia {unknown}
Comestibles
 c - 22 rations


   Skills:
 - Level 2.0(1.6) Dodging
 - Level 2.6(2.3) Stealth
 + Level 3.9(3.6) Spellcasting
 * Level 2.7(2.4) Conjurations
 * Level 3.0(2.6) Transmutations
 - Level 8.0(7.6) Earth Magic


You had 6 spell levels left.
You knew the following spells:

 Your Spells              Type           Power        Failure   Level
a - Sandblast             Erth           ####..       1%          1
b - Stone Arrow           Conj/Erth      ###...       5%          3
c - Petrify               Tmut/Erth      ###.....     17%         4

Your spell library contained the following spells:

 Spells                   Type           Power        Failure   Level
 Passwall                 Tmut/Erth      ###.....     2%          2
 Lee's Rapid Deconstruct  Erth           ####......   17%         5


Dungeon Overview and Level Annotations

Branches:
Dungeon (6/15)              Sewer (visited)
 Temple: D:4-7

Altars:
Elyvilon
Qazlal
Wu Jian
Yredelemnul


Innate Abilities, Weirdness & Mutations

You cannot wear most types of armour.
You are very stealthy in the water. (Stealth+)
You are amphibious.
You can wear up to eight rings at the same time.
You can use your tentacles to constrict eight enemies at once.
Your skin changes colour to match your surroundings (Stealth+).
Your rubbery body absorbs attacks. (AC +1, EV +1)


Message History

Confirm with . or Enter, or press ? or * to list all spells.
Aiming: Sandblast (safe; 1% risk of failure)
Press: ? - help, Shift-Dir - straight line, f/p - wight
Aim: a wight, wielding a +0 trident and wearing a +0 robe (severely damaged)
The blast of sand hits the wight but does no damage.
b - 166 stones The wight hits you from afar with a cursed +0 trident.
* * * LOW HITPOINT WARNING * * *
The wight misses you.
Unknown command.
Casting: Sandblast (safe; 1% risk of failure)
Confirm with . or Enter, or press ? or * to list all spells.
Aiming: Sandblast (safe; 1% risk of failure)
Press: ? - help, Shift-Dir - straight line, f/p - wight
Aim: a wight, wielding a +0 trident and wearing a +0 robe (severely damaged)
The blast of sand hits the wight!
The wight is severely damaged.
b - 165 stones The wight misses you.
The wight hits you with a +7 halberd!
You die...

####### ......#
########### ......#
..........# ......#
..........# ......#
....z.....# ......#
.....)....# ......#
.....z.z..# ......# ###
#####z###...
.))######.###...@........
...#........#............
...'..).....#............
...#........'............
...#........#†...........
...#........#............
...#...##.###............
...#...#### ....#+#####+
...'.... ....#


You could see 2 wights.

Vanquished Creatures
  An ogre (D:4)
  A phantom (D:6)
  A bullfrog (Sewer)
  5 wights (D:6)
  A howler monkey (D:6)
  An orc priest (D:6)
  4 orc wizards
  4 worker ants
  A hound zombie (D:5)
  Robin (D:2)
  A gnoll (D:1)
  7 adders
  A shadow imp (D:5)
  A white imp (D:5)
  An ufetubus (D:5)
  3 oozes
  5 worms
  2 dart slugs
  4 leopard geckos
  24 orcs
  5 ball pythons
  8 giant cockroaches
  19 goblins
  6 hobgoblins
  6 jackals
  10 kobolds
  4 quokkas
  9 bats
  14 frilled lizards
  A quokka skeleton (D:4)
  9 rats
160 creatures vanquished.

Vanquished Creatures (others)
  2 hobgoblins (D:3)
2 creatures vanquished.

Grand Total: 162 creatures vanquished

Notes
Turn   | Place    | Note
-------+----------+-------------------------------------------
     0 | D:1      | gruber the Octopode Earth Elementalist began the quest for
                  | the Orb.
     0 | D:1      | Reached XP level 1. HP: 11/11 MP: 3/3
   127 | D:1      | Reached XP level 2. HP: 17/17 MP: 5/5
   337 | D:1      | Reached skill level 4 in Earth Magic
   558 | D:1      | Reached XP level 3. HP: 21/21 MP: 6/6
   967 | D:2      | Noticed Robin
  1078 | D:2      | Reached XP level 4. HP: 20/27 MP: 7/7
  1287 | D:2      | Reached skill level 5 in Earth Magic
  1293 | D:2      | Killed Robin
  1843 | D:2      | Learned a level 3 spell: Stone Arrow
  2115 | D:3      | Found a white marble altar of Elyvilon.
  2155 | D:3      | Reached XP level 5. HP: 31/31 MP: 8/8
  2370 | D:3      | Found a stormy altar of Qazlal.
  3009 | D:3      | Reached skill level 6 in Earth Magic
  3807 | D:4      | Reached XP level 6. HP: 25/36 MP: 3/9
  3915 | D:4      | Reached skill level 7 in Earth Magic
  4164 | D:4      | Found a basalt altar of Yredelemnul.
  4410 | D:4      | Found an ornate altar of the Wu Jian Council.
  5036 | D:5      | Entered Level 5 of the Dungeon
  5043 | D:5      | Found a glowing drain.
  5059 | Sewer    | Entered a sewer
  5444 | Sewer    | Reached XP level 7. HP: 33/41 MP: 10/10
  5561 | Sewer    | Learned a level 4 spell: Petrify
  5645 | Sewer    | Reached skill level 8 in Earth Magic
  5917 | D:5      | Reached skill level 1 in Conjurations
  6650 | D:6      | Reached XP level 8. HP: 46/46 MP: 8/13
  6954 | D:6      | Slain by a wight

Illustrated notes

Levels and vault maps discovered:
D:1:      minmay_arrival_stair_chambers, layout_basic
D:2:      layout_rooms, uniq_robin
D:3:      minmay_chambers_of_threes, layout_basic, elyvilon_altar_4,
          grunt_qazlal_clouds, serial_bayou_pond_b
D:4:      layout_gridville, lemuel_doored_altar, old_standard_altar,
          first_ration
D:5:      layout_rooms, portal_sewer_entry_f
D:6:      layout_gridville, minitemple, basic_altar, uniq_eustachio

Skill      XL: |  1  2  3  4  5  6  7  8 |
---------------+-------------------------+-----
Earth Magic    | 4 5 6 7 8 |  8.0
Conjurations   | 2 |  2.7
Transmutations | 2 3 |  3.0
Spellcasting   | 3 |  3.9
Dodging        | |  2.0
Stealth        | |  2.6

Action                   |  1- 3 |  4- 6 |  7- 9 || total
-------------------------+-------+-------+-------++-------
Melee: Unarmed           |    25 |       |       ||    25
       Constrict         |    20 |    41 |     6 ||    67
       Tentacles         |    17 |    25 |     9 ||    51
       Whip              |    50 |    10 |       ||    60
       Dagger            |       |   148 |    23 ||   171
       Short sword       |       |       |     7 ||     7
 Cast: Sandblast         |       |    28 |    50 ||    78
  Use: Scroll            |       |     7 |       ||     7
 Stab: Sleeping          |    10 |    17 |     2 ||    29
       Distracted        |     1 |     2 |       ||     3
  Eat: Ration            |       |     4 |     2 ||     6
Armor: Skin              |     9 |     7 |     5 ||    21
Dodge: Dodged            |    37 |   101 |    35 ||   173

Table legend:
 A = Non-vault XP
 B = Vault XP
 C = Vault XP percentage of total XP
 D = Non-vault monster count
 E = Vault monster count
 F = Vault count percentage of total count
                 A         B        C        D         E       F
            +---------+---------+-------+---------+---------+-------
      Total |    1258 |     210 |  14.3 |     117 |      43 |  26.9
            +---------+---------+-------+---------+---------+-------
        D:1 |      41 |       0 |   0.0 |      16 |       0 |   0.0
        D:2 |      88 |      29 |  24.8 |      28 |       8 |  22.2
        D:3 |      62 |      39 |  38.6 |      24 |      13 |  35.1
        D:4 |     309 |       0 |   0.0 |      16 |       0 |   0.0
        D:5 |     193 |       8 |   4.0 |      15 |       3 |  16.7
        D:6 |     565 |       0 |   0.0 |      18 |       0 |   0.0
      Sewer |       0 |     134 | 100.0 |       0 |      19 | 100.0
            +---------+---------+-------+---------+---------+-------
